[Event "SVK-ch Open 2018"]
[Site "Banska Stiavnica"]
[Date "2018.07.08"]
[Round "2"]
[White "Pniaczek, Marek"]
[Black "Szeberenyi, Adam"]
[Result "0-1"]
[ECO "B40"]
[WhiteElo "2082"]
[BlackElo "2372"]
[Annotator "NA"]
[PlyCount "54"]
[EventDate "2018.07.07"]
[EventType "swiss"]
[EventCountry "SVK"]
[SourceTitle "playchess.com"]
[Source "ChessBase"]
[SourceQuality "1"]
[TimeControl "40/5400+30:1800+30"]

1. e4 c5 2. Nf3 e6 3. d4 cxd4 4. Nxd4 Bc5 5. Be3 Qb6 6. Na3 d5 7. exd5 exd5 8. c3 Nc6 9. Bb5 $11 Bd7 10. Qa4 Nf6 11. O-O O-O 12. Bxc6 bxc6 13. b4 Bd6 14. Qd1 Ng4 15. Nac2 Bxh2+ 16. Kh1 Be5 17. f3 Nxe3 18. Nxe3 c5 19. Ndf5 Bxf5 20. Nxf5 Qf6 21. Qd3 c4 22. Qc2 Bxc3 23. Rad1 d4 24. Qe4 Rae8 25. Qg4 h5 26. Qh3 g6 27. Ng3 Bxb4 0-1

[Event "SVK-ch Open 2018"]
[Site "Banska Stiavnica"]
[Date "2018.07.08"]
[Round "2"]
[White "Sosovicka, Jakub"]
[Black "Kanakova, Natalie"]
[Result "1-0"]
[ECO "B32"]
[WhiteElo "2078"]
[BlackElo "2206"]
[Annotator "NA"]
[PlyCount "67"]
[EventDate "2018.07.07"]
[EventType "swiss"]
[EventCountry "SVK"]
[SourceTitle "playchess.com"]
[Source "ChessBase"]
[SourceQuality "1"]
[TimeControl "40/5400+30:1800+30"]

1. e4 c5 2. Nf3 Nc6 3. d4 cxd4 4. Nxd4 e5 5. Nb5 a6 6. Nd6+ Bxd6 7. Qxd6 Qe7 8. Qd1 Nf6 9. Nc3 d6 10. Bg5 Be6 11. Nd5 Bxd5 12. exd5 Nb8 13. Be2 {[%emt 0:03:56] LiveBook: 16 Games} Nbd7 14. O-O O-O 15. c4 h6 16. Be3 Nh7 17. b4 f5 18. f3 a5 19. a3 Nhf6 20. Qd2 f4 21. Bf2 g5 22. c5 $14 e4 23. fxe4 Nxe4 24. Qc2 axb4 25. Bd4 Rxa3 26. cxd6 Qe8 27. Rxa3 bxa3 28. Bd3 Nef6 29. Bg6 Rf7 30. Qf5 b5 31. Rc1 a2 32. Qe6 Nf8 33. Bxf7+ Qxf7 34. Qxf6 1-0

[Event "SVK-ch Open 2018"]
[Site "Banska Stiavnica"]
[Date "2018.07.08"]
[Round "2"]
[White "Volcko, Richard"]
[Black "Petran, Peter"]
[Result "0-1"]
[ECO "B06"]
[WhiteElo "2068"]
[BlackElo "2302"]
[Annotator "NA"]
[PlyCount "154"]
[EventDate "2018.07.07"]
[EventType "swiss"]
[EventCountry "SVK"]
[SourceTitle "playchess.com"]
[Source "ChessBase"]
[SourceQuality "1"]
[TimeControl "40/5400+30:1800+30"]

1. e4 g6 2. d4 Bg7 3. Nc3 c6 4. Nf3 b5 5. Bd3 d6 6. Be3 Nd7 7. Qd2 Qc7 8. O-O Ngf6 9. Bh6 O-O 10. Bxg7 Kxg7 11. a3 a6 {[%emt 0:00:18] B06: Modern Defence} 12. Rad1 $146 ({Predecessor:} 12. Rfe1 e5 {0-1 (33) Schnock,S (2046)-Heck,N (2320) Dresden 2004}) 12... e5 13. Rfe1 Re8 14. Bf1 Bb7 15. dxe5 dxe5 16. Qe3 h6 17. h3 Rad8 18. Rd2 c5 19. Red1 b4 20. axb4 cxb4 21. Nd5 Bxd5 22. exd5 Qd6 23. c4 a5 24. Rc2 Nc5 25. Nd2 a4 26. f3 Ra8 27. Ne4 Nfxe4 28. fxe4 b3 29. Rcd2 a3 30. bxa3 Rxa3 31. Rb1 Rea8 32. Rdb2 Rb8 33. Be2 Rb4 34. Kh1 f6 35. Kg1 h5 36. h4 Qb6 37. Kh2 Ra2 38. Bd1 Rxb2 39. Rxb2 Rxc4 40. Rxb3 Qc7 41. Rc3 Nxe4 42. Rxc4 Qxc4 43. Qa7+ Kf8 44. Qb8+ Ke7 45. Qa7+ Kd8 46. Qa8+ Qc8 47. Qa5+ Ke7 48. Ba4 Nd6 49. Bc6 f5 50. Qa7+ Kf6 51. Qa3 Qd8 52. Qg3 Nf7 $19 53. Qd3 Qd6 54. Qc3 Nh6 55. g3 Kg7 56. Kg2 Ng4 57. Qa5 Nh6 58. Qa7+ Nf7 59. Qe3 e4 60. Kf2 Qf6 61. Qd2 Ne5 62. Qc2 Ng4+ 63. Ke1 Qa1+ 64. Ke2 Qd4 65. Qd2 Qf2+ 66. Kd1 Qxg3 67. Qd4+ Qe5 68. Qa7+ Kh6 69. Qa8 Qf6 70. Qb8 Ne5 71. Bb7 Nf7 72. Qf8+ Kh7 73. Bc6 Qg7 74. Qe7 Ne5 75. Qe6 e3 76. Be8 Nc4 77. d6 Qd4+ 0-1

[Event "SVK-ch Open 2018"]
[Site "Banska Stiavnica"]
[Date "2018.07.08"]
[Round "2"]
[White "Bojda, Lubomir"]
[Black "Stockova, Zuzana"]
[Result "1/2-1/2"]
[ECO "C00"]
[WhiteElo "2064"]
[BlackElo "2301"]
[Annotator "NA"]
[PlyCount "31"]
[EventDate "2018.07.07"]
[EventType "swiss"]
[EventCountry "SVK"]
[SourceTitle "playchess.com"]
[Source "ChessBase"]
[SourceQuality "1"]
[TimeControl "40/5400+30:1800+30"]

1. e4 e6 2. Qe2 c5 3. f4 Nc6 4. Nf3 Be7 5. g3 d5 6. e5 Nh6 7. Bg2 Nf5 8. O-O h5 9. c3 c4 10. Bh3 $15 Bc5+ 11. Kg2 Nce7 12. b3 b5 13. Ba3 Bb6 14. Bxe7 Qxe7 15. Bxf5 exf5 16. d4 1/2-1/2

[Event "SVK-ch Open 2018"]
[Site "Banska Stiavnica"]
[Date "2018.07.08"]
[Round "2"]
[White "Ferkova, Dominika"]
[Black "Gelle, Istvan"]
[Result "1-0"]
[ECO "D31"]
[WhiteElo "2053"]
[BlackElo "2344"]
[Annotator "NA"]
[PlyCount "59"]
[EventDate "2018.07.07"]
[EventType "swiss"]
[EventCountry "SVK"]
[SourceTitle "playchess.com"]
[Source "ChessBase"]
[SourceQuality "1"]
[TimeControl "40/5400+30:1800+30"]

1. d4 d5 2. c4 c6 3. Nc3 dxc4 4. Nf3 b5 5. e3 e6 6. a4 Bb4 7. Bd2 Qb6 8. Ne5 Nf6 $14 {[%emt 0:10:34] LiveBook: 4 Games} 9. axb5 cxb5 10. b3 Nd5 11. Rc1 Nxc3 12. Bxc3 Bxc3+ 13. Rxc3 Qa5 14. Qd2 f6 15. Nf3 Nc6 16. Be2 Ba6 17. bxc4 b4 18. Rc1 b3 19. Qxa5 Nxa5 20. c5 b2 21. Rb1 Bxe2 22. Kxe2 Rb8 23. Kd3 Kd7 24. Kc2 Nc4 25. Kc3 a5 26. Kxc4 Rb4+ 27. Kc3 Rhb8 28. Nd2 a4 29. Nc4 Kc6 30. Nb6 1-0

[Event "SVK-ch Open 2018"]
[Site "Banska Stiavnica"]
[Date "2018.07.08"]
[Round "2"]
[White "Tepper, Frantisek"]
[Black "Chmiel, Marcin"]
[Result "1/2-1/2"]
[ECO "C54"]
[WhiteElo "2050"]
[BlackElo "2249"]
[Annotator "NA"]
[PlyCount "104"]
[EventDate "2018.07.07"]
[EventType "swiss"]
[EventCountry "SVK"]
[SourceTitle "playchess.com"]
[Source "ChessBase"]
[SourceQuality "1"]
[TimeControl "40/5400+30:1800+30"]

1. e4 e5 2. Nf3 Nc6 3. Bc4 Bc5 4. c3 Nf6 5. d3 a6 6. O-O d6 7. Bb3 Ba7 8. Be3 h6 {[%emt 0:01:24] C54: Giuoco Piano: 4 c3 Nf6, main lines with 5 d4 and 5 d3} (8... O-O 9. Nbd2 Ne7 10. Bxa7 Rxa7 11. Nh4 a5 12. f4 a4 13. Bc2 Ng4 14. Qe2 Nc6 15. g3 Kh8 16. f5 {½-½ (38) Alekseev,E (2617)-Boruchovsky,A (2542) Batumi 2018}) 9. Nbd2 O-O 10. Bxa7 Rxa7 11. Re1 Nh5 12. Nf1 Qf6 {[%emt 0:02:32] LiveBook: 3 Games} 13. Ne3 Nf4 14. Nd5 Nxd5 15. exd5 Ne7 16. d4 $146 ({Predecessor:} 16. Nd2) 16... Bg4 17. dxe5 dxe5 18. Qd3 Bxf3 19. Qxf3 Qxf3 20. gxf3 Ng6 21. Rad1 Rd8 22. Kf1 Kf8 23. Bc2 Nh4 24. Rxe5 Nxf3 25. Re4 $11 Raa8 26. Kg2 Ng5 27. Red4 f6 28. d6 Ne6 29. Re4 Nc5 30. Red4 cxd6 31. Rxd6 Ke7 32. Rxd8 Rxd8 33. Rxd8 Kxd8 34. Kf3 Ke7 35. Kg4 Nd7 36. f4 g5 37. Bf5 Nc5 38. fxg5 hxg5 39. b4 Na4 40. c4 b6 41. Bc2 Nc3 42. a3 Ke6 43. Bd3 Ke5 44. c5 bxc5 45. Bxa6 Ne4 46. bxc5 f5+ 47. Kf3 g4+ 48. Kg2 Nxc5 49. Bb5 Kf4 50. a4 Nb3 51. Bd7 Kg5 52. a5 Nxa5 1/2-1/2

[Event "SVK-ch Open 2018"]
[Site "Banska Stiavnica"]
[Date "2018.07.08"]
[Round "2"]
[White "Panko, Radoslav"]
[Black "Polyik, Peter"]
[Result "1/2-1/2"]
[ECO "A06"]
[WhiteElo "2049"]
[BlackElo "2311"]
[Annotator "NA"]
[PlyCount "81"]
[EventDate "2018.07.07"]
[EventType "swiss"]
[EventCountry "SVK"]
[SourceTitle "playchess.com"]
[Source "ChessBase"]
[SourceQuality "1"]
[TimeControl "40/5400+30:1800+30"]

1. Nf3 d5 2. e3 Nf6 3. b3 Bf5 4. Bb2 e6 5. d4 Nbd7 6. Bd3 Bg6 7. O-O Bd6 8. Nbd2 Ne4 9. Ne5 f5 10. f4 Ndf6 11. Nxe4 dxe4 12. Bb5+ c6 13. Be2 $11 O-O 14. Re1 Qe8 15. Nc4 Be7 16. Ba3 Bxa3 17. Nxa3 Bh5 18. Nc4 Bxe2 19. Qxe2 Qe7 20. Ne5 Nd5 21. c4 Nf6 22. a3 Rad8 23. Qc2 Nd7 24. Nxd7 Rxd7 25. c5 g5 26. Qf2 Kh8 27. Kh1 Qf6 28. g3 Rg7 29. Rg1 h5 30. Rg2 g4 31. h4 gxh3 32. Rh2 Rfg8 33. Rg1 Rh7 34. Rxh3 Kg7 35. Qe2 Kf8 36. Rg2 Qg6 37. Kh2 Rgh8 38. Rh4 Qf6 39. b4 a6 40. Rh3 Kf7 41. a4 1/2-1/2

[Event "SVK-ch Open 2018"]
[Site "Banska Stiavnica"]
[Date "2018.07.08"]
[Round "2"]
[White "Bednar, Jan"]
[Black "Ruckschloss, Karol"]
[Result "0-1"]
[ECO "A25"]
[WhiteElo "2010"]
[BlackElo "2245"]
[Annotator "NA"]
[PlyCount "86"]
[EventDate "2018.07.07"]
[EventType "swiss"]
[EventCountry "SVK"]
[SourceTitle "playchess.com"]
[Source "ChessBase"]
[SourceQuality "1"]
[TimeControl "40/5400+30:1800+30"]

1. c4 e5 2. Nc3 Nc6 3. g3 g6 4. Bg2 Bg7 5. Nf3 f5 6. d3 Nf6 7. Bg5 {[%emt 0:03:47] A26: English Opening vs King's Indian with ...Nc6 and d3} (7. O-O O-O 8. Rb1 a5 9. a3 d6 10. b4 axb4 11. axb4 f4 12. b5 Ne7 13. c5 Kh8 14. Bb2 Bg4 15. b6 Bxf3 16. bxc7 Qd7 17. Bxf3 dxc5 18. Bxb7 Rac8 19. Bg2 fxg3 20. hxg3 Rxc7 {0-1 (36) Grigoriants,S (2603)-Bacrot,E (2697) Berlin 2015}) 7... h6 8. Bxf6 Bxf6 9. Qd2 d6 10. h4 Be6 11. Nd5 Bg7 12. e4 $146 ({Predecessor:} 12. e3 Qd7 13. Ng1 O-O-O 14. Ne2 Kb8 {0-1 (39) Nuding,M (2126)-Muetsch,A (1914) Wiesbaden 2015}) 12... O-O 13. Ng1 Nd4 14. Ne2 Nxe2 15. Qxe2 c6 16. Nc3 Qa5 17. a3 Qb6 18. h5 g5 19. exf5 Bxf5 20. O-O Qd4 21. Be4 Bh3 22. Rfe1 Rad8 23. Qe3 Bg4 24. Bg6 Qxe3 $15 25. fxe3 Rf3 26. Kg2 Rdf8 27. Re2 R3f6 28. Rd2 d5 29. Re1 Rd8 30. cxd5 cxd5 31. Rf2 Rxf2+ 32. Kxf2 Rc8 33. Rc1 d4 34. exd4 exd4 35. Ne2 Rf8+ 36. Ke1 Rf3 37. Rc2 b6 38. Be4 Re3 39. Kf2 Be5 40. b4 Bxh5 41. Bd5+ Kg7 42. Nxd4 Bxd4 43. Rc4 Rxd3+ 0-1

[Event "SVK-ch Open 2018"]
[Site "Banska Stiavnica"]
[Date "2018.07.08"]
[Round "2"]
[White "Bakalar, Jan"]
[Black "Juhaniak, Lubomir"]
[Result "1-0"]
[ECO "A49"]
[WhiteElo "1998"]
[BlackElo "1732"]
[Annotator "NA"]
[PlyCount "123"]
[EventDate "2018.07.07"]
[EventType "swiss"]
[EventCountry "SVK"]
[SourceTitle "playchess.com"]
[Source "ChessBase"]
[SourceQuality "1"]
[TimeControl "40/5400+30:1800+30"]

1. d4 Nf6 2. Nf3 g6 3. g3 b6 4. Bg2 Bb7 5. O-O Bg7 6. c4 O-O 7. Re1 d5 8. Ne5 Nfd7 9. Nxd7 $11 Qxd7 10. e3 e6 11. Nc3 c6 12. cxd5 cxd5 13. h4 f5 14. f4 h5 15. Bf3 Qf7 16. a4 a6 17. Bd2 Nd7 18. Na2 Rfc8 19. Bb4 Bf8 20. Qd2 Bxb4 21. Nxb4 a5 22. Nd3 Ba6 23. Rec1 Qf8 24. Nf2 Rxc1+ 25. Rxc1 Rc8 26. Nh3 Rxc1+ 27. Qxc1 Qc8 28. Qxc8+ Bxc8 29. Ng5 Nf8 30. Be2 Bd7 31. b3 Kg7 32. Kf2 Nh7 33. Kf3 Nf8 34. Bd3 Bc6 35. Ke2 Kf6 36. Nf3 Nd7 37. Ne5 Nb8 38. Kd2 Be8 39. Kc3 Kg7 40. Kb2 Nc6 41. Nf3 Nb4 42. Be2 Kf6 43. Kc3 Na2+ 44. Kd2 Ke7 45. Ne5 Nb4 46. Bb5 Bf7 47. Nd7 Kd6 48. Nxb6 Nc6 49. Nc8+ Kc7 50. Bxc6 Kxc6 51. Na7+ Kb7 52. Nb5 Kc6 53. Kc3 Be8 54. Kb2 Bd7 55. Ka3 Kb6 56. Nd6 Kc6 57. Nf7 Be8 58. Ne5+ Kb6 59. Nd3 Bd7 60. Nc5 Bc8 61. b4 axb4+ 62. Kxb4 1-0

[Event "SVK-ch Open 2018"]
[Site "Banska Stiavnica"]
[Date "2018.07.08"]
[Round "2"]
[White "Chrenko, Kristian"]
[Black "Kramar, Matus"]
[Result "1-0"]
[ECO "B33"]
[WhiteElo "1992"]
[BlackElo "1573"]
[Annotator "NA"]
[PlyCount "71"]
[EventDate "2018.07.07"]
[EventType "swiss"]
[EventCountry "SVK"]
[SourceTitle "playchess.com"]
[Source "ChessBase"]
[SourceQuality "1"]
[TimeControl "40/5400+30:1800+30"]

1. e4 c5 2. Nf3 Nc6 3. d4 cxd4 4. Nxd4 Nf6 5. Nc3 g6 6. Nxc6 bxc6 7. e5 Ng8 8. Bc4 d5 9. exd6 exd6 10. Qf3 $18 d5 11. Bd3 Bg7 12. O-O Be6 13. Re1 Ne7 14. Bg5 Qd7 15. Bf6 O-O 16. Bxg7 Kxg7 17. Qf4 c5 18. Rad1 Nc6 19. Bb5 a6 20. Bxc6 Qxc6 21. Qe5+ Kg8 22. Nxd5 Bxd5 23. Qxd5 Qb5 24. b3 Rad8 25. Qe5 Rde8 26. Qf6 Re2 27. c4 Rxe1+ 28. Rxe1 Qa5 29. Re2 Rd8 30. h4 Qc7 31. f4 Qd7 32. Kh2 Qd4 33. Re5 h5 34. b4 cxb4 35. Re8+ Kh7 36. Rh8+ 1-0

[Event "SVK-ch Open 2018"]
[Site "Banska Stiavnica"]
[Date "2018.07.08"]
[Round "2"]
[White "Gyerpal, Adrian"]
[Black "Seres, Bela"]
[Result "0-1"]
[ECO "B27"]
[WhiteElo "1990"]
[BlackElo "2212"]
[Annotator "NA"]
[PlyCount "84"]
[EventDate "2018.07.07"]
[EventType "swiss"]
[EventCountry "SVK"]
[SourceTitle "playchess.com"]
[Source "ChessBase"]
[SourceQuality "1"]
[TimeControl "40/5400+30:1800+30"]

1. e4 c5 2. Nf3 g6 3. d4 Bg7 4. Nc3 Qa5 5. d5 {[%emt 0:00:30] B76: Sicilian Dragon: Yugoslav Attack, 9 g4 and 9 0-0-0} (5. Be2 Nc6 6. Be3 Nf6 7. O-O Ng4 8. Bd2 cxd4 9. Nxd4 Nxd4 10. Bxg4 d6 11. Nd5 Bxg4 12. Bxa5 Bxd1 13. Rfxd1 Rc8 14. Rd2 {1-0 (69) Rasulov,V (2506)-Iskandarov,M (2396) Cesme 2014}) 5... d6 6. Be2 a6 7. Bd2 Bg4 8. O-O $146 ({Predecessor:} 8. a4 Nd7 9. O-O Bxf3 10. Bxf3 Ngf6 11. Be2 O-O 12. Kh1 Rab8 {1-0 (32) Weinstein,R-Filipowicz,A Budva 1963}) 8... Bxf3 9. Bxf3 b5 10. a3 Nd7 11. Be2 Qc7 12. Rb1 Ngf6 13. b4 cxb4 14. axb4 O-O 15. Bd3 Nb6 16. Qe2 Nfd7 17. Nd1 Rfc8 18. Ne3 Ne5 19. f4 Nec4 20. Be1 Nxe3 21. Qxe3 Nc4 22. Qe2 $11 Na3 23. Rc1 Bb2 24. Bd2 Bxc1 25. Rxc1 Nc4 26. Bc3 Ne5 27. Bb2 Nxd3 28. cxd3 Qb6+ 29. Kh1 Rxc1+ 30. Bxc1 Rc8 31. Be3 Qc7 32. h3 Qc2 33. Qg4 Re8 34. Qd7 Qc8 35. Qa7 f6 36. Kh2 Kf7 37. Bb6 Qc3 38. d4 Qe3 39. Qxa6 Qxe4 40. Qxb5 Qxf4+ 41. Kh1 Ra8 42. Ba5 Rc8 0-1

[Event "SVK-ch Open 2018"]
[Site "Banska Stiavnica"]
[Date "2018.07.08"]
[Round "2"]
[White "Mandak, Miroslav"]
[Black "Hrdlicka, Martin"]
[Result "1-0"]
[ECO "C79"]
[WhiteElo "1989"]
[BlackElo "1525"]
[Annotator "NA"]
[PlyCount "91"]
[EventDate "2018.07.07"]
[EventType "swiss"]
[EventCountry "SVK"]
[SourceTitle "playchess.com"]
[Source "ChessBase"]
[SourceQuality "1"]
[TimeControl "40/5400+30:1800+30"]

1. e4 e5 2. Nf3 Nc6 3. Bb5 a6 4. Ba4 Nf6 5. O-O d6 6. d3 b5 7. Bb3 Na5 8. Nbd2 Nxb3 9. Nxb3 Be7 10. Re1 O-O 11. h3 c5 12. Nbd2 Bb7 13. c4 Nd7 14. b3 f5 15. exf5 Rxf5 16. Ne4 Rf8 17. Nfg5 Bxg5 18. Bxg5 Nf6 $16 19. f3 Qc7 20. Rc1 Nxe4 21. dxe4 h6 22. Bh4 Rf4 23. Bg3 Rf6 24. Qe2 Rg6 25. Bh4 Qf7 26. Qe3 Bc8 27. Kh2 Be6 28. Red1 Bd7 29. Rc2 Rb8 30. cxb5 axb5 31. Rcd2 Qf8 32. Kh1 c4 33. Bf2 Rc8 34. bxc4 bxc4 35. Rc1 Qf7 36. Bg1 Ra8 37. Qc3 Be6 38. Rcd1 Qf4 39. Bh2 Qg5 40. Re2 Bf7 41. Red2 Kh7 42. Qc2 Rxa2 43. Qxa2 c3 44. Rd5 Qe3 45. Qc2 Bxd5 46. exd5 1-0

[Event "SVK-ch Open 2018"]
[Site "Banska Stiavnica"]
[Date "2018.07.08"]
[Round "2"]
[White "Pericka, Tomas"]
[Black "Bombek, Peter"]
[Result "0-1"]
[ECO "B13"]
[WhiteElo "1975"]
[BlackElo "2201"]
[Annotator "NA"]
[PlyCount "42"]
[EventDate "2018.07.07"]
[EventType "swiss"]
[EventCountry "SVK"]
[SourceTitle "playchess.com"]
[Source "ChessBase"]
[SourceQuality "1"]
[TimeControl "40/5400+30:1800+30"]

1. e4 c6 2. d4 d5 3. exd5 cxd5 4. c4 Nf6 5. Nc3 Nc6 6. Be3 g6 7. Nf3 Bg7 8. Rc1 O-O 9. Qd2 Ne4 10. Nxe4 dxe4 11. d5 exf3 12. dxc6 Qxd2+ 13. Bxd2 $17 bxc6 14. b4 Bf5 15. g4 Be4 16. Bc3 Bh6 17. Bd2 Bg7 18. Bc3 Rfd8 19. c5 Bxc3+ 20. Rxc3 Rab8 21. a3 a5 0-1

[Event "SVK-ch Open 2018"]
[Site "Banska Stiavnica"]
[Date "2018.07.08"]
[Round "2"]
[White "Gombar, Peter"]
[Black "Kostolansky, Sebastian Lukas"]
[Result "0-1"]
[ECO "A45"]
[WhiteElo "1974"]
[BlackElo "2197"]
[Annotator "NA"]
[PlyCount "48"]
[EventDate "2018.07.07"]
[EventType "swiss"]
[EventCountry "SVK"]
[SourceTitle "playchess.com"]
[Source "ChessBase"]
[SourceQuality "1"]
[TimeControl "40/5400+30:1800+30"]

1. d4 Nf6 2. Bf4 g6 3. Nc3 Bg7 4. e4 d6 5. Qd2 Nbd7 6. Bh6 O-O 7. h4 e5 8. d5 Nc5 9. f3 c6 10. Bxg7 Kxg7 11. O-O-O cxd5 12. Nxd5 Be6 13. Nxf6 Qxf6 14. h5 Bxa2 $14 15. hxg6 Qxg6 16. Qxd6 Nb3+ 17. cxb3 Rac8+ 18. Bc4 Bxb3 19. Qxe5+ Kg8 20. Rd3 Rxc4+ 21. Rc3 Qxg2 22. Rxc4 Rd8 23. Qg3+ Qxg3 24. Ne2 Qg2 0-1

[Event "SVK-ch Open 2018"]
[Site "Banska Stiavnica"]
[Date "2018.07.08"]
[Round "2"]
[White "Sandor, Martin"]
[Black "Jozefek, Michal"]
[Result "1/2-1/2"]
[ECO "B67"]
[WhiteElo "1968"]
[BlackElo "2182"]
[Annotator "NA"]
[PlyCount "48"]
[EventDate "2018.07.07"]
[EventType "swiss"]
[EventCountry "SVK"]
[SourceTitle "playchess.com"]
[Source "ChessBase"]
[SourceQuality "1"]
[TimeControl "40/5400+30:1800+30"]

1. e4 c5 2. Nf3 d6 3. d4 cxd4 4. Nxd4 Nf6 5. Nc3 Nc6 6. Bg5 e6 7. Qd2 a6 8. O-O-O Bd7 9. f3 b5 10. Nxc6 Bxc6 11. Ne2 Be7 12. h4 h6 13. Bf4 e5 14. Be3 Qc7 15. Ng3 Bd7 16. Bd3 Rc8 17. Kb1 d5 18. exd5 Nxd5 19. Be4 Nxe3 20. Qxe3 O-O 21. Nf5 Bxf5 22. Bxf5 Rcd8 23. Qe4 Rxd1+ 24. Rxd1 Rd8 1/2-1/2

[Event "SVK-ch Open 2018"]
[Site "Banska Stiavnica"]
[Date "2018.07.08"]
[Round "2"]
[White "Jencopala, Alexander"]
[Black "Macko, Michal"]
[Result "1/2-1/2"]
[ECO "B33"]
[WhiteElo "1943"]
[BlackElo "2158"]
[Annotator "NA"]
[PlyCount "50"]
[EventDate "2018.07.07"]
[EventType "swiss"]
[EventCountry "SVK"]
[SourceTitle "playchess.com"]
[Source "ChessBase"]
[SourceQuality "1"]
[TimeControl "40/5400+30:1800+30"]

1. e4 c5 2. Nf3 Nc6 3. d4 cxd4 4. Nxd4 Nf6 5. Nc3 e5 6. Ndb5 d6 7. Bg5 a6 8. Na3 Be6 9. Bxf6 Qxf6 10. Nd5 Qd8 11. c3 Be7 12. Nc4 O-O 13. Be2 b5 14. Nce3 Bg5 15. O-O Bxe3 16. Nxe3 Ne7 17. a4 Qb6 18. axb5 axb5 19. Qd2 Rab8 20. b4 Rfc8 21. Ra5 Qc6 22. Qd3 Qxc3 23. Qxd6 Nc6 24. Rxb5 Rxb5 25. Bxb5 Qxb4 1/2-1/2

[Event "SVK-ch Open 2018"]
[Site "Banska Stiavnica"]
[Date "2018.07.08"]
[Round "2"]
[White "Tomanek, Rafael"]
[Black "Cech, Dominik"]
[Result "0-1"]
[ECO "A48"]
[WhiteElo "1939"]
[BlackElo "2151"]
[Annotator "NA"]
[PlyCount "81"]
[EventDate "2018.07.07"]
[EventType "swiss"]
[EventCountry "SVK"]
[SourceTitle "playchess.com"]
[Source "ChessBase"]
[SourceQuality "1"]
[TimeControl "40/5400+30:1800+30"]

1. d4 Nf6 2. Nf3 g6 3. c4 Bg7 4. Nc3 O-O 5. e4 d6 6. h3 c6 7. Bg5 e5 8. dxe5 dxe5 9. Qxd8 Rxd8 10. Rd1 Rxd1+ 11. Kxd1 Nbd7 12. Be2 Nc5 $11 13. Nd2 a5 14. Kc2 Ne6 15. Be3 Bf8 16. Na4 Nd7 17. Nb3 f5 18. f3 Be7 19. Bd3 f4 20. Bf2 Bd8 21. Rd1 b6 22. Bf1 Bc7 23. Nc1 Rb8 24. b3 g5 25. Ne2 Kf7 26. g4 h5 27. a3 Ke7 28. Nac3 Bd6 29. a4 Bc5 30. Bxc5+ Ndxc5 31. gxh5 Bd7 32. h4 gxh4 33. Bh3 Ng5 34. Bxd7 Nxd7 35. Ng1 Rh8 36. Rd2 Rxh5 37. Nd1 Nc5 38. Nf2 Nce6 39. Ng4 Nd4+ 40. Kc3 Ndxf3 41. Nxf3 0-1

[Event "SVK-ch Open 2018"]
[Site "Banska Stiavnica"]
[Date "2018.07.08"]
[Round "2"]
[White "Soldan, Jan"]
[Black "Pesztericz, Laszlo"]
[Result "0-1"]
[ECO "C50"]
[WhiteElo "1759"]
[BlackElo "1980"]
[Annotator "NA"]
[PlyCount "92"]
[EventDate "2018.07.07"]
[EventType "swiss"]
[EventCountry "SVK"]
[SourceTitle "playchess.com"]
[Source "ChessBase"]
[SourceQuality "1"]
[TimeControl "40/5400+30:1800+30"]

1. e4 e5 2. Nf3 Nc6 3. Bc4 Nf6 4. d3 Bc5 5. O-O O-O 6. Bg5 d6 7. Nbd2 Be6 8. Bxe6 fxe6 9. c3 a5 10. a4 h6 11. Bh4 Qd7 12. Bxf6 Rxf6 13. Nb3 Bb6 14. d4 exd4 15. cxd4 Rf4 16. Qd3 Raf8 17. Nbd2 d5 18. Rae1 dxe4 19. Rxe4 Rxe4 20. Qxe4 Bxd4 21. Nxd4 Nxd4 22. Re1 Qd5 23. Qd3 Nc6 24. Qe3 e5 25. b3 Rd8 26. Nf3 Qd3 27. g3 Qxe3 28. Rxe3 Rd5 29. Kf1 Kf7 30. Ke2 Kf6 31. h3 Nd4+ 32. Nxd4 exd4 33. Rf3+ Rf5 34. Rd3 Ke5 35. f3 Kd5 36. Rd2 Re5+ 37. Kf2 Re3 38. Rb2 Kc5 39. Rc2+ Rc3 40. Rxc3+ dxc3 41. Ke2 Kb4 42. Kd1 Kxb3 43. Kc1 Kxa4 44. f4 Kb3 45. g4 a4 46. g5 a3 0-1

[Event "SVK-ch Open 2018"]
[Site "Banska Stiavnica"]
[Date "2018.07.08"]
[Round "2"]
[White "Cedzo, Adam"]
[Black "Lukac, Roman"]
[Result "0-1"]
[ECO "C54"]
[WhiteElo "1737"]
[BlackElo "2089"]
[Annotator "NA"]
[PlyCount "86"]
[EventDate "2018.07.07"]
[EventType "swiss"]
[EventCountry "SVK"]
[SourceTitle "playchess.com"]
[Source "ChessBase"]
[SourceQuality "1"]
[TimeControl "40/5400+30:1800+30"]

1. e4 e5 2. Nf3 Nc6 3. Bc4 Bc5 4. c3 Nf6 5. d4 exd4 6. e5 d5 7. exd6 {[%emt 0:00:37] C54: Giuoco Piano: 4 c3 Nf6, main lines with 5 d4 and 5 d3} (7. Bb5 Ne4 8. cxd4 Bb6 9. Nc3 O-O 10. Be3 Bg4 11. h3 Bh5 12. Qc2 Bxf3 13. gxf3 Ng5 14. O-O-O Nxf3 15. Bxc6 bxc6 16. Qf5 Nh4 17. Qg4 Ng6 {½-½ (38) Naiditsch,A (2701)-Anand,V (2776) Karlsruhe/Baden-Baden 2018}) 7... Qxd6 8. O-O O-O 9. b4 Bb6 10. Ba3 Ne5 11. b5 Nxf3+ 12. Qxf3 Bc5 $146 13. cxd4 Bxa3 14. Nxa3 Bg4 15. Qc3 Rad8 16. Nc2 Bh5 17. h3 Bg6 18. Rad1 h5 19. Ne3 $11 Rfe8 20. Bb3 Qf4 21. Nc4 Nd5 22. Qb2 Qg5 23. Kh1 Nf4 24. Ne3 Be4 25. f3 Bd3 26. Rfe1 Bxb5 27. Kh2 Nd3 28. Qd2 Nxe1 29. Rxe1 Qf4+ 30. Kh1 Qxd4 31. Qa5 Rxe3 32. Rxe3 Qxe3 33. Qxb5 Qc1+ 34. Kh2 Qf4+ 35. Kh1 c6 36. Qe2 Kf8 37. Qf2 h4 38. Qxa7 Re8 39. Qa5 Qg3 40. Qb4+ Kg8 41. Bxf7+ Kxf7 42. Qxb7+ Kg8 43. Qxc6 Re1# 0-1

[Event "SVK-ch Open 2018"]
[Site "Banska Stiavnica"]
[Date "2018.07.08"]
[Round "2"]
[White "Slaby, Jozef"]
[Black "Balogh, Peter"]
[Result "0-1"]
[ECO "A04"]
[WhiteElo "1731"]
[BlackElo "2097"]
[Annotator "NA"]
[PlyCount "72"]
[EventDate "2018.07.07"]
[EventType "swiss"]
[EventCountry "SVK"]
[SourceTitle "playchess.com"]
[Source "ChessBase"]
[SourceQuality "1"]
[TimeControl "40/5400+30:1800+30"]

1. Nf3 Nc6 2. c4 e5 3. d3 Nf6 4. g3 d5 5. cxd5 Nxd5 6. Bg2 Be7 7. O-O Nb6 8. b3 {[%emt 0:01:36] A20: Englische Eröffnung} (8. a3 O-O 9. Nbd2 a5 10. b3 f5 11. Bb2 Bf6 12. Qc2 Kh8 13. Rac1 Be6 14. Nc4 Nxc4 15. bxc4 Rb8 16. e3 Qe8 17. d4 e4 {1-0 (39) Ivanchuk,V (2726)-Harikrishna,P (2744) Huaian 2017}) 8... Bf6 9. e4 O-O $146 ({Vorgänger:} 9... Bg4 10. Ba3 Qd7 11. Nc3 O-O-O 12. Qc1 h5 13. Nd5 Nxd5 14. exd5 Bxf3 15. dxc6 Bxc6 16. Bxc6 Qxc6 17. Qxc6 bxc6 {0-1 (36) Teran Alvarez,I (2384)-Vazquez Igarza,R (2574) Linares 2017}) 10. Na3 Bg4 11. h3 Be6 12. Qe2 Qd7 13. Kh2 Rfd8 14. Rd1 Nb4 15. Bb2 Nc6 16. Rac1 a5 17. Nc4 Bxc4 18. bxc4 Na4 19. Ba1 Qe7 20. Rb1 Nc5 21. a3 a4 22. Rb5 b6 $15 23. Ne1 Nb3 24. Nc2 Nbd4 25. Bxd4 Nxd4 26. Nxd4 Rxd4 27. f4 Qxa3 28. fxe5 Be7 29. Rd5 Bc5 30. Qg4 Rf8 31. e6 fxe6 32. Qxe6+ Kh8 33. h4 Qb2 34. h5 h6 35. Kh3 Qe2 36. Rh1 Rxd3 0-1